 Dungeon Crawl Stone Soup version 0.20-a0-957-g47ad1fd (webtiles) character file.

127 Murumi the Shield-Bearer (level 5, 0/42 HPs)
             Began as a Formicid Fighter on Apr 5, 2017.
             Slain by an ogre
             ... wielding a +0 giant club
              (20 damage)
             ... on level 3 of the Dungeon.
             The game lasted 00:08:39 (2747 turns).

Murumi the Shield-Bearer (Formicid Fighter)         Turns: 2747, Time: 00:08:40

Health: 0/42       AC:  7    Str: 21    XL:     5   Next: 33%
Magic:  5/5        EV:  6    Int:  8    God:
Gold:   192        SH:  9    Dex: 10    Spells: 4/4 levels left

rFire    . . .     SeeInvis +   a - +1 long sword
rCold    . . .     Gourm    +   c - +0 shield
rNeg     . . .     Faith    .   i - -2 chain mail
rPois    .         Spirit   .   (helmet unavailable)
rElec    .         Reflect  .   (no cloak)
rCorr    .         Harm     .   (no gloves)
MR       .....                  (no boots)
Stlth    ..........             j - amulet of the gourmand
Regen    0.2/turn               p - ring of flight
MPRegen  0.1/turn               (no ring)

@: no status effects
A: permanent stasis, dig shafts and tunnels, four strong arms, antennae 3
a: Dig, Shaft Self, Evoke Flight


You were on level 3 of the Dungeon.
You were completely stuffed.

You visited 1 branch of the dungeon, and saw 3 of its levels.

You collected 192 gold pieces.

Inventory:

Hand Weapons
 a - a +1 long sword (weapon)
Armour
 c - a +0 shield (worn)
 i - a -2 chain mail (worn)
Jewellery
 j - an amulet of the gourmand (around neck)
 p - a ring of flight (left hand)
Scrolls
 b - 3 scrolls of remove curse
Potions
 d - 3 potions of might
 e - a potion of flight
 h - a potion of curing
 l - a potion of lignification {unknown}
 n - 2 potions of mutation {unknown}
Comestibles
 f - 4 bread rations
 g - 2 royal jellies
 k - 2 meat rations
 m - a fruit


   Skills:
 - Level 4.0 Fighting
 - Level 3.0 Long Blades
 - Level 4.3 Armour
 + Level 4.6 Shields


You had 4 spell levels left.
You didn't know any spells.

Dungeon Overview and Level Annotations

Branches:
Dungeon (3/15)

Altars:
Makhleb


Innate Abilities, Weirdness & Mutations

You cannot be hasted, slowed, berserked, paralysed or teleported.
You can dig through walls and to a lower floor.
Your four strong arms can wield two-handed weapons with a shield.
You have a pair of large antennae on your head. (SInv)


Message History

Eating a chunk of flesh.
You eat the chunk of flesh.
This raw flesh tastes great.
An ogre comes into view. It is wielding a giant club.
You slash the ogre!
The ogre is moderately wounded.
You block the ogre's attack.
You closely miss the ogre.
The ogre is moderately wounded.
The ogre hits you with a giant club!
You slash the ogre!
The ogre is severely wounded.
You block the ogre's attack.
You slash the ogre!
The ogre is almost dead.
The ogre hits you with a giant club!
You are too injured to fight recklessly!
Your chain mail prevents you from hitting the ogre.
The ogre is almost dead.
The ogre hits you with a giant club!!
You die...

..##....)..).#.##.#
############.#.##.#
# ####.#†##.# #
#.....[##.#
#########.##.####.##
#..........#.......#
#.##############.###
#.#..#.#...g...O.#
#.#..#.#.#.....#@#
#.#...>#.#.###.#.#
#.##.#.#<#.#.#.#.#
#.#........#.#.#.#
#.#......#.....#.#
#.#....<.#.#####.#
#.#..###.#.......#
#.#..# #.######..#
#.#..# #.# #..#


You could see an ogre and a hobgoblin (wandering).

Vanquished Creatures
  An orc priest (D:3)
  2 adders (D:3)
  2 oozes (D:3)
  2 dart slugs
  3 leopard geckos
  3 orcs (D:3)
  8 giant cockroaches
  6 goblins (D:2)
  8 hobgoblins
  2 jackals (D:2)
  3 kobolds
  7 bats
  6 frilled lizards
  6 rats
59 creatures vanquished.

Notes
Turn   | Place    | Note
-------+----------+-------------------------------------------
     0 | D:1      | Murumi the Formicid Fighter began the quest for the Orb.
     0 | D:1      | Reached XP level 1. HP: 18/18 MP: 1/1
    90 | D:1      | Reached XP level 2. HP: 23/24 MP: 2/2
   472 | D:1      | Reached XP level 3. HP: 29/29 MP: 3/3
  1134 | D:2      | Found a burning altar of Makhleb.
  1546 | D:2      | Reached XP level 4. HP: 37/37 MP: 4/4
  2074 | D:3      | Reached XP level 5. HP: 37/42 MP: 5/5
  2742 | D:3      | Noticed an ogre
  2747 | D:3      | Slain by an ogre

Vault maps used:
D:1:      lemuel_arrival_cross
D:2:      lemuel_crystal_altar
D:3:      first_bread

Skill      XL: |  1  2  3  4 |
---------------+-------------+-----
Shields        | 4 |  4.6
Long Blades    | 3 |  3.0
Fighting       | 4 |  4.0
Armour         | 4 |  4.3

Action                   |  1- 3 |  4- 6 || total
-------------------------+-------+-------++-------
Melee: Long sword        |   107 |    67 ||   174
  Use: Scroll            |     9 |       ||     9
  Eat: Chunk             |    11 |     4 ||    15
Armor: Scale mail        |     7 |       ||     7
       Chain mail        |    29 |    35 ||    64
Dodge: Dodged            |    23 |     7 ||    30
Block: Shield            |    64 |    37 ||   101
       Rpst.: Long sword |     8 |     4 ||    12
